AoeStats
← Ernst paul

Arabia

508750621Analyzed
2v2 RM · 8d ago on Sep 23, 2026· 54m 39s· 4 players
Game mode
Random Map
Map size
Medium (4 player)
Population
200
Speed
Normal
Resources
Standard
Victory
Conquest
Starting age
Dark Age
Ending age
Imperial Age
RankedLock teamsTeams togetherTeam positionsShared explorationLock speedFull tech treeHidden civsTurbo modeCheats
Victory
Defeat
🇺🇸 Cumans · United States
870
+16
🇧🇪 Romans · Belgium
806
+18
🇺🇸 Danes · United States
1102
-26
🇺🇸 Spanish · United States
615
-8
xapyen
9:56 Feudal Age
10:37 Man-at-Arms
12:43 Double-Bit Axe
15:42 Arson
16:13 Loom
16:11 Horse Collar
20:25 Town Watch
23:48 Castle Age
24:36 Squires
24:22 Gambesons
24:59 Bow Saw
24:57 Heavy Plow
24:49 Gold Mining
26:18 Scale Mail Armor
27:41 Forging
31:15 Wheelbarrow
30:41 Town Patrol
31:28 Fletching
31:39 Padded Archer Armor
31:51 Scale Barding Armor
32:05 Padded Archer Armor
32:48 Bodkin Arrow
34:21 Thumb Ring
35:17 Chain Mail Armor
35:20 Leather Archer Armor
36:18 Hand Cart
43:18 Hamask
46:41 Imperial Age
46:48 Cranequins
47:37 Bracer
48:21 Conscription
48:39 Ring Archer Armor
51:31 Chain Barding Armor
51:47 Iron Casting
CHACAL
10:35 Feudal Age
11:05 Double-Bit Axe
11:03 Horse Collar
49:08 Castle Age
50:36 Wheelbarrow
50:13 Husbandry
50:26 Bow Saw
50:48 Gold Mining
Ernst paul
6:01 Loom
10:46 Feudal Age
11:31 Double-Bit Axe
12:21 Man-at-Arms
22:14 Castle Age
20:32 Scale Mail Armor
20:42 Forging
21:24 Stone Mining
24:01 Long Swordsman
25:53 Iron Casting
25:34 Chain Mail Armor
27:52 Bow Saw
31:09 Squires
35:15 Imperial Age
34:04 Horse Collar
38:31 Heavy Plow
41:31 Padded Archer Armor
41:21 Fletching
42:31 Conscription
42:21 Ballistas
43:02 Heavy Scorpion
45:25 Comitatenses
45:38 Bodkin Arrow
45:58 Leather Archer Armor
46:50 Gold Mining
50:33 Ballistics
51:14 Chemistry
49:46 Legionary
DryDOM511
6:05 Loom
11:09 Feudal Age
21:33 Horse Collar
25:32 Castle Age
24:39 Wheelbarrow
25:40 Capped Ram
26:17 Double-Bit Axe
26:44 Padded Archer Armor
26:34 Fletching
29:19 Murder Holes
29:41 Bodkin Arrow
30:46 Leather Archer Armor
32:13 Scale Barding Armor
32:18 Forging
32:30 Bloodlines
32:57 Heavy Plow
33:19 Bow Saw
34:55 Chain Barding Armor
35:11 Iron Casting
35:00 Gold Mining
35:52 Steppe Husbandry
41:12 Imperial Age
40:57 Ballistics
41:41 Elite Kipchak
42:03 Elite Steppe Lancer
43:16 Ring Archer Armor
45:16 Blast Furnace
45:28 Crop Rotation
44:53 Light Cavalry
47:56 Cuman Mercenaries
Connection lost

Rejoining the realm…

Still unreachable

The connection could not be restored.

Session expired

The server has moved on; the page needs a fresh start.